 Dungeon Crawl Stone Soup version 0.27-a0-1595-g0b823d0a13 (webtiles) character file.

Game seed: 9672992325227467322

3059 flotson the Skirmisher (level 9, -3/69 HPs)
             Began as a Demonspawn Delver on July 20, 2021.
             Was an Initiate of Gozag.
             Slain by a centaur (10 damage)
             ... while paralysed by a centaur
             ... on level 7 of the Dungeon.
             The game lasted 00:17:15 (9932 turns).

flotson the Skirmisher (Demonspawn Delver)          Turns: 9932, Time: 00:17:16

Health: -3/69      AC: 18    Str: 15    XL:     9   Next: 57%
Magic:  9/9        EV:  2    Int: 12    God:    Gozag
Gold:   830        SH:  0    Dex: 15    Spells: 8/8 levels left

rFire    + . .     SeeInvis .   a - +2 flail (protect)
rCold    . . .     Faith    .   (no shield)
rNeg     + . .     Spirit   .   L - +1 leather armour {rF+}
rPois    .         Reflect  .   (no helmet)
rElec    .         Harm     .   o - +0 cloak
rCorr    .         Rampage  .   p - +2 pair of gloves
Will     .....                  (no boots)
Stlth    +++.......             (no amulet)
HPRegen  0.21/turn              y - +4 ring of evasion
MPRegen  0.11/turn              B - ring of positive energy

@: paralysed, sanguine armoured
A: demonic guardian 1, powered by death 1, sanguine armour 2
a: Renounce Religion, Potion Petition, Call Merchant, Bribe Branch


You were on level 7 of the Dungeon.
You worshipped Gozag.
Gozag was pleased with you.
You visited 2 branches of the dungeon, and saw 8 of its levels.
You also visited: Ossuary.

You collected 1028 gold pieces.
You spent 108 gold pieces at shops.
You paid 90 gold pieces to Gozag.

Inventory:

Hand Weapons
 a - a +2 flail of protection (weapon)
 b - a +4 war axe
 J - a +1 vampiric hand axe
Missiles
 j - 3 boomerangs
 s - 3 javelins
 u - 21 poisoned darts (quivered)
Armour
 o - a +0 cloak (worn)
 p - a +2 pair of gloves (worn)
 L - a +1 leather armour of fire resistance (worn)
Jewellery
 y - a +4 ring of evasion (left hand)
 B - a ring of positive energy (right hand)
 C - a ring of fire
 K - a +6 ring of intelligence
Wands
 g - a wand of digging (2)
 n - a wand of polymorph (8)
 D - a wand of acid (6)
Scrolls
 c - 3 scrolls of fog
 d - 2 scrolls of immolation {unknown}
 e - a scroll of fear
 i - a scroll of summoning {unknown}
 k - 2 scrolls of vulnerability {unknown}
 l - 3 scrolls of teleportation {unknown}
 r - 4 scrolls of amnesia {unknown}
 t - 2 scrolls of brand weapon {unknown}
 w - 2 scrolls of identify
 z - 2 scrolls of enchant armour {unknown}
 E - 2 scrolls of silence {unknown}
 G - a scroll of blinking {unknown}
 H - a scroll of enchant weapon {unknown}
Potions
 f - 5 potions of haste
 h - 3 potions of heal wounds
 m - 3 potions of invisibility
 q - a potion of berserk rage
 x - 5 potions of curing
 A - 3 potions of flight
 F - 2 potions of might
 I - 2 potions of attraction {unknown}


   Skills:
 + Level 6.2 Fighting
 + Level 5.3 Axes
 + Level 4.7 Throwing
 + Level 4.8 Armour
 + Level 5.2 Dodging
 - Level 4.5 Stealth
 + Level 5.2 Evocations


You had 8 spell levels left.
You didn't know any spells.
Your spell library contained the following spells:

 Spells                   Type           Power      Damage    Failure   Level
 Gell's Gravitas          Tloc           0%         N/A       75%         3
 Teleport Other           Tloc           0%         N/A       75%         3
 Leda's Liquefaction      Hex/Erth       0%         N/A       98%         4
 Bolt of Magma            Conj/Fire/Erth 0%         4d4       100%        5
 Dispersal                Tloc           0%         N/A       100%        6
 Statue Form              Tmut/Erth      0%         N/A       100%        6


Dungeon Overview and Level Annotations

Branches:
Dungeon (7/15)             Temple (1/1) D:4         Ossuary (visited)

Altars:
Cheibriados
Dithmenos
Gozag
Kikubaaqudgha
Makhleb
Qazlal
Ru
Sif Muna
Trog
Uskayaw
Wu Jian
Xom
Yredelemnul

Shops:
D:1 (   D:6 !

Annotations:
D:4 1 runed translucent door
D:6 3 runed translucent doors, Spaninq's ghost, novice PaBe


Innate Abilities, Weirdness & Mutations

A weak demonic guardian rushes to your aid.
You regenerate a little health from kills.
When seriously injured, your bleeding wounds create thick armour. (AC +9)


Message History

The arrow completely misses you. The black bear misses you.
The black bear claws you but does no damage.
The black bear closely misses you.
You barely miss the black bear.
The black bear is lightly wounded.
The centaur zaps a wand.
You suddenly lose the ability to move!
The orc hits you but does no damage.
The centaur unwields a +0 shortbow.
The centaur wields a +0 war axe.
The centaur drinks a potion.
The centaur goes berserk!
The black bear bites you but does no damage.
The black bear claws you.
The black bear claws you but does no damage.
The orc hits you but does no damage. The black bear bites you.
The black bear claws you but does no damage. x2
The orc hits you from afar with a +0 trident.
The centaur hits you with a +0 war axe!
The centaur kicks you but does no damage.
The centaur hits you with a +0 war axe.
* * * LOW HITPOINT WARNING * * *
The centaur kicks you but does no damage.
The black bear bites you but does no damage.
The black bear claws you but does no damage. x2
The orc hits you but does no damage. The centaur hits you with a +0 war axe!
* * * LOW HITPOINT WARNING * * *
A demonic guardian appears!
The centaur kicks you but does no damage.
The centaur hits you with a +0 war axe.
* * * LOW HITPOINT WARNING * * *
The centaur kicks you but does no damage.
The black bear bites you but does no damage.
The black bear completely misses you.
The black bear claws you but does no damage.
The centaur hits you but does no damage.
The centaur kicks you but does no damage.
The orc barely misses you. The centaur hits you with a +0 war axe!
You die...
Your body crumbles into a pile of gold.

# .... .# ..#. .... ..
..#.# ...##.##
.....##......#
.............#.
......o........
.....5hc$....#.
$##.$@$...... .
#..$......## ..##...######
..........## #.
...........####...
..................
..#...........##...#....
.............##.........
.....o.........##..........


You could see a black bear, a centaur (berserk), an orc (ally target) and a
friendly ufetubus (summoned).

Vanquished Creatures
  Sigmund (D:5)
  Menkaure (D:6)
  Edmund (D:5)
  A water moccasin (D:7)
  3 ice beasts
  A hornet zombie (D:6)
  2 necrophages (D:6)
  A black bear (D:6)
  3 ogres
  2 centaurs
  A phantom (D:5)
  2 elf zombies (Ossuary)
  A kobold brigand (D:7)
  A bullfrog (D:7)
  A wyvern zombie (D:6)
  A water moccasin zombie (D:6)
  5 killer bees
  2 wights (D:6)
  3 bullfrog zombies
  A centaur zombie (D:6)
  2 human zombies
  3 hounds
  3 orc priests (D:7)
  A gnoll shaman (D:4)
  2 orc wizards
  The ghost of DocClef the Covert, a weakling GnDe (D:4)
  A hound skeleton (D:5)
  5 mummies
  7 gnolls
  2 adders
  A river rat (D:4)
  2 white imps
  An ufetubus (D:5)
  5 adder zombies
  3 dart slugs
  13 orcs
  7 ball pythons
  A bat (D:1)
  4 endoplasms (D:1)
  3 giant cockroaches
  11 goblins
  8 hobgoblins
  9 jackals
  2 quokkas (D:3)
  A frilled lizard (D:1)
  A goblin zombie (Ossuary)
  7 hobgoblin zombies
  8 kobolds
  13 kobold zombies (Ossuary)
  10 orc zombies
  7 rats
  A rat zombie (Ossuary)
179 creatures vanquished.

Vanquished Creatures (collateral kills)
  2 gnolls
  An adder (D:5)
  A white imp (D:5)
4 creatures vanquished.

Vanquished Creatures (others)
  A plant (D:4)
1 creature vanquished.

Grand Total: 184 creatures vanquished

Notes
Turn   | Place    | Note
-------+----------+-------------------------------------------
     0 | D:5      | flotson the Demonspawn Delver began the quest for the Orb.
     0 | D:5      | Reached XP level 1. HP: 18/18 MP: 1/1
    15 | D:5      | Found an ornate altar of the Wu Jian Council.
    34 | D:5      | Noticed a hound
   340 | D:4      | Found a basalt altar of Yredelemnul.
   392 | D:2      | Found a shimmering altar of Xom.
   670 | D:1      | Found Xeisup's Antique Weapon Emporium.
   678 | D:1      | Gained mutation: When seriously injured, your bleeding
                  | wounds create armour. (AC +9) [demonic ancestry]
   678 | D:1      | Reached XP level 2. HP: 24/24 MP: 2/2
  1192 | D:1      | Reached skill level 1 in Armour
  1192 | D:1      | Gained mutation: When seriously injured, your bleeding
                  | wounds create thick armour. (AC +9) [demonic ancestry]
  1192 | D:1      | Reached XP level 3. HP: 29/29 MP: 3/3
  1431 | D:2      | Found a faded altar of an unknown god.
  1456 | D:2      | Noticed an ogre
  1786 | D:2      | Reached skill level 1 in Evocations
  2224 | D:3      | Gained mutation: A weak demonic guardian rushes to your
                  | aid. [demonic ancestry]
  2224 | D:3      | Reached XP level 4. HP: 35/35 MP: 4/4
  2243 | D:3      | Found a shadowy altar of Dithmenos.
  2310 | D:3      | Reached skill level 1 in Throwing
  2928 | D:2      | Killed an ogre
  2929 | D:2      | Gained mutation: You regenerate a little health from kills.
                  | [demonic ancestry]
  2929 | D:2      | Reached XP level 5. HP: 42/42 MP: 5/5
  2955 | D:2      | Found a shimmering altar of Xom.
  4050 | D:3      | Found a shadowy altar of Dithmenos.
  4864 | D:4      | Found a runed translucent door.
  4865 | D:4      | Noticed DocClef's ghost (weakling GnDe)
  4898 | D:4      | Reached XP level 6. HP: 27/48 MP: 6/6
  5025 | D:4      | Found a runed translucent door.
  5045 | D:4      | Found a staircase to the Ecumenical Temple.
  5059 | D:4      | Reached skill level 4 in Fighting
  5064 | Temple   | Entered the Ecumenical Temple
  5105 | Temple   | Became a worshipper of Gozag Ym Sagoz the Greedy
  5376 | D:4      | Killed DocClef's ghost
  5679 | D:5      | Reached XP level 7. HP: 37/54 MP: 7/7
  5936 | D:5      | Noticed Sigmund
  6197 | D:5      | Noticed Edmund
  6492 | D:5      | Killed Edmund
  6709 | D:5      | Killed Sigmund
  6930 | D:5      | Reached XP level 8. HP: 54/61 MP: 8/8
  7120 | D:6      | Found a runed translucent gate.
  7120 | D:6      | Found a runed translucent gate.
  7120 | D:6      | Noticed Spaninq's ghost (novice PaBe)
  7121 | D:6      | Found a runed translucent gate.
  7150 | D:6      | Reached skill level 5 in Fighting
  7156 | D:6      | Found Wetyuf's Distillery.
  7166 | D:6      | Bought a potion of heal wounds for 60 gold pieces
  7166 | D:6      | Bought a potion of might for 48 gold pieces
  7320 | D:6      | Found a sand-covered staircase.
  7331 | Ossuary  | Entered an ossuary
  8102 | D:6      | Found an ancient bone altar of Kikubaaqudgha.
  8162 | D:6      | Reached XP level 9. HP: 67/68 MP: 9/9
  8426 | D:6      | Found a shimmering altar of Xom.
  8427 | D:6      | Found a burning altar of Makhleb.
  8428 | D:6      | Found a hide-covered altar of Uskayaw.
  8429 | D:6      | Found a stormy altar of Qazlal.
  8430 | D:6      | Found a shimmering blue altar of Sif Muna.
  8430 | D:6      | Found a sacrificial altar of Ru.
  8431 | D:6      | Found a snail-covered altar of Cheibriados.
  8474 | D:6      | Noticed Menkaure
  8485 | D:6      | Killed Menkaure
  9155 | D:7      | Reached skill level 5 in Axes
  9168 | D:7      | Reached skill level 5 in Dodging
  9168 | D:7      | Reached skill level 5 in Evocations
  9172 | D:7      | Reached skill level 6 in Fighting
  9928 | D:7      | Paralysed by a centaur for 5 turns
  9932 | D:7      | Slain by a centaur

Illustrated notes

Levels and vault maps discovered:
D:1:      dpeg_arrival_arbitrary_a, layout_loops_ring, serial_shops,
          nicolae_shop_statue_plus, hangedman_abyss_or_decor_stabs,
          minmay_misc_feat_rows, minmay_unequal
D:2:      layout_loops_ring, basic_altar, basic_ecumenical_altar
D:3:      layout_basic, mainiacjoe_overflow_boulevard, grunt_decor_one_mirror,
          minivault_5, minmay_diced_spiral
D:4:      layout_loops_cross, lemuel_zombie_altar_yredelemnul,
          minmay_temple_entry_overgrown, serial_rivers,
          chequers_serial_rivers_small_3, chequers_serial_rivers_large_b,
          chequers_serial_rivers_micro_d, chequers_serial_rivers_micro_c,
          chequers_serial_rivers_micro_b, ebering_ghost_sewer_f
D:5:      layout_cave_pools, lemuel_crystal_altar, uniq_sigmund, uniq_edmund
D:6:      layout_loops_cross, lemuel_mausoleum_altar_kikubaaqudgha,
          grunt_temple_overflow_open, serial_shops, shop, gammafunk_ghost_split,
          nicolae_ossuary_entry_giza, uniq_menkaure
D:7:      layout_cave_pools, serial_shops, kennysheep_little_box,
          nicolae_shop_behind_doors, nicolae_shop_stone
Temple:   minmay_temple_curvy_loop

Skill      XL: |  1  2  3  4  5  6  7  8  9 |
---------------+----------------------------+-----
Axes           | 2 3 4 5 |  5.3
Dodging        | 2 3 4 5 |  5.2
Armour         | 1 2 3 4 |  4.8
Evocations     | 1 2 3 4 5 |  5.2
Throwing       | 1 2 3 4 |  4.7
Fighting       | 4 5 6 |  6.2
Stealth        | |  4.5

Action                   |  1- 3 |  4- 6 |  7- 9 || total
-------------------------+-------+-------+-------++-------
Melee: Hand axe          |   109 |   267 |    68 ||   444
       Flail             |       |     4 |   480 ||   484
       War axe           |       |       |    10 ||    10
Throw: Dart              |       |    15 |    24 ||    39
       Boomerang         |       |       |    10 ||    10
Evoke: Wand              |     1 |       |       ||     1
  Use: Potion            |     1 |       |     2 ||     3
       Scroll            |     1 |       |     6 ||     7
 Stab: Sleeping          |     7 |     3 |     7 ||    17
       Distracted        |       |       |     3 ||     3
Armor: Leather armour    |    14 |       |    75 ||    89
       Ring mail         |    30 |    76 |   259 ||   365
Dodge: Dodged            |    71 |   232 |   668 ||   971

Table legend: (Time is in decaauts)
 A = Elapsed time spent in this place.
 B = Non-inter-level travel time spent in this place.
 C = Inter-level travel time spent in this place.
 D = Time resting spent in this place.
 E = Time spent auto-exploring this place.
 F = Levels seen in this place.
 G = Mean time per level.
                   A        B        C        D        E       F      G
               +--------+--------+--------+--------+--------+-----+--------+
         Total |  10144 |   9848 |    296 |    766 |   6596 |   9 | 1127.1 |
       Dungeon |   9462 |   9195 |    267 |    766 |   6258 |   7 | 1351.7 |
        Temple |     70 |     41 |     29 |      0 |     36 |   1 |   70.0 |
       Ossuary |    611 |    611 |      0 |      0 |    302 |   1 |  611.0 |
               +--------+--------+--------+--------+--------+-----+--------+

Top non-repeatable levels by time:
     D:3: 1976 daAuts
     D:6: 1926 daAuts
     D:4: 1525 daAuts
     D:5: 1405 daAuts
     D:2: 1212 daAuts
     D:1: 994 daAuts
 Ossuary: 611 daAuts
     D:7: 421 daAuts
  Temple: 70 daAuts
